[Event "Titled Tuesday Blitz April 19 Late 2022"]
[White "Karwowski, Kacper"]
[Black "Stanisz, Patryk"]
[WhiteFideId "1126032"]
[BlackFideId "1123106"]
[WhiteElo "2261"]
[BlackElo "1833"]
[Result "1/2-1/2"]
[Round "03"]
[TimeControl "180+1"]
[Date "2022.04.19"]
[WhiteClock "0:00:05"]
[BlackClock "0:00:07"]

1. e4 c5 2. b3 Nc6 3. Bb2 d6 4. Bb5 Nf6 5. Bxc6+ bxc6 6. d3 e5 7. Nd2 Be7 8. Ne2 O-O 9. O-O Nh5 10. f4 Nxf4 11. Nxf4 exf4 12. Rxf4 Bg5 13. Rf1 Be3+ 14. Kh1 Bd4 15. Bxd4 cxd4 16. Qh5 h6 17. Rf2 Qg5 18. Qxg5 hxg5 19. Nf3 c5 20. Nxg5 f6 21. Nf3 Bg4 22. a4 Kf7 23. Nh4 Rh8 24. Nf5 Bxf5 25. Rxf5 Ke6 26. Raf1 Rh4 27. h3 Rf8 28. Kh2 a5 29. g3 Rh7 30. Kg2 Rfh8 31. Rh1 Rh6 32. g4 Rh4 33. Rf3 R8h6 34. Rhf1 Rh7 35. Rg3 g5 36. Rf5 R4h6 37. Rgf3 Rh8 38. Rd5 R8h7 39. Rdf5 Rh8 40. Rg3 R8h7 41. Rf1 Rh8 42. Rh1 R8h7 43. Rf3 Rh4 44. Rg3 R4h6 45. Rf1 Rh4 46. Rf5 R4h6 1/2-1/2


[Site "https://www.chess.com"]

[Event "Titled Tuesday Blitz April 19 Late 2022"]
[White "Keymer, Vincent"]
[Black "Siddharth, Jagadeesh"]
[WhiteFideId "12940690"]
[BlackFideId "5818320"]
[WhiteElo "2557"]
[BlackElo "2127"]
[Result "1-0"]
[Round "03"]
[TimeControl "180+1"]
[Date "2022.04.19"]
[WhiteClock "0:00:29"]
[BlackClock "0:00:29"]

1. d4 d5 2. c4 dxc4 3. Nf3 Nf6 4. e3 e6 5. Bxc4 c5 6. O-O a6 7. Be2 cxd4 8. Nxd4 Be7 9. b3 O-O 10. Bb2 Bd7 11. Nd2 Nc6 12. N4f3 b5 13. Qb1 Qb6 14. Rd1 h6 15. Ne4 Nxe4 16. Qxe4 f5 17. Qf4 Rad8 18. Qg3 g5 19. h4 g4 20. Ne5 Nxe5 21. Bxe5 Kh7 22. Bc7 Qb7 23. Bxd8 Rxd8 24. Rac1 Rc8 25. Qe5 Rc6 26. Rxc6 Qxc6 27. e4 Bc8 28. exf5 Bb7 29. Bf1 Bxh4 30. fxe6 Qc2 31. Bd3+ 1-0


[Site "https://www.chess.com"]

[Event "Titled Tuesday Blitz April 19 Late 2022"]
[White "Khanin, Semen"]
[Black "Sliwicki, Damian"]
[WhiteFideId "4111990"]
[BlackFideId "1127128"]
[WhiteElo "2442"]
[BlackElo "2084"]
[Result "0-1"]
[Round "03"]
[TimeControl "180+1"]
[Date "2022.04.19"]
[WhiteClock "0:01:00"]
[BlackClock "0:01:10"]

1. e4 e5 2. Nf3 Nc6 3. Bb5 a6 4. Ba4 Nf6 5. O-O b5 6. Bb3 Be7 7. Re1 O-O 8. a4 Bb7 9. d3 d6 10. Nc3 b4 11. Ne2 a5 12. Ng3 Qd7 13. Nf5 Rfe8 14. N3h4 Nd4 15. Nxd4 exd4 16. Nf5 d5 17. Nxd4 dxe4 18. dxe4 Nxe4 19. Be3 Bc5 20. Nb5 Qf5 21. Nxc7 Bxe3 22. Rf1 Bxf2+ 23. Kh1 Ng3+ 0-1


[Site "https://www.chess.com"]

[Event "Titled Tuesday Blitz April 19 Late 2022"]
[White "Khripachenko, Alexander"]
[Black "Vovk, Orest"]
[WhiteFideId "54184975"]
[BlackFideId "14113490"]
[WhiteElo "2193"]
[BlackElo "2203"]
[Result "1-0"]
[Round "03"]
[TimeControl "180+1"]
[Date "2022.04.19"]
[WhiteClock "0:00:06"]
[BlackClock "0:00:04"]

1. e4 g5 2. d4 h6 3. h4 g4 4. Qxg4 d5 5. Qe2 dxe4 6. Nc3 Nf6 7. Be3 Nc6 8. O-O-O Bg4 9. f3 exf3 10. Nxf3 Nd5 11. Bd2 Nxc3 12. Bxc3 Qd5 13. Kb1 O-O-O 14. Qe3 Bg7 15. Be2 e6 16. Qf4 h5 17. Qxf7 Rd7 18. Qg6 Rf8 19. Qg5 Rf5 20. Qe3 Bf8 21. Ng5 Bh6 22. Bxg4 hxg4 23. Qxe6 Bxg5 24. Qxd5 Rdxd5 25. hxg5 Rxg5 26. Bd2 Rg8 27. c3 Rf5 28. g3 Ne7 29. Rde1 Ng6 30. Rh6 Rf3 31. Re6 Nf8 32. Re7 Rxg3 33. Rxc7+ Kxc7 34. Bf4+ Kd7 35. Bxg3 Rg7 36. d5 Ng6 37. Kc2 Ne7 38. Rd6+ Kc8 39. Be5 Rf7 40. Rh6 Rf5 41. Bd4 Nxd5 42. Rg6 Rf4 43. Kd3 Rf3+ 44. Ke4 Nb6 45. Rxg4 Rf1 46. Bxb6 axb6 47. Kd3 Rf2 48. Rb4 Kc7 49. a3 Kc6 50. Kc4 Rf4+ 51. Kb3 Rf2 52. Rh4 b5 53. Rd4 Kc5 54. Rd1 Kc6 55. Rc1 Kc5 56. Rc2 Rf4 57. Rh2 Rf1 58. Rh5+ Kc6 59. a4 bxa4+ 60. Kxa4 Rf4+ 61. b4 Rf6 62. Kb3 Kb6 63. Rd5 Rg6 64. Kc4 Rg4+ 65. Rd4 Rg6 66. Rf4 Rc6+ 67. Kd4 Rh6 68. c4 Rd6+ 69. Ke5 Rh6 70. Rf6+ Rxf6 71. Kxf6 Kc6 72. Ke6 Kc7 73. Ke7 Kc6 74. Kd8 Kb6 75. Kc8 Kc6 76. b5+ Kb6 77. Kb8 Kc5 78. Kxb7 Kxc4 79. b6 1-0


[Site "https://www.chess.com"]

[Event "Titled Tuesday Blitz April 19 Late 2022"]
[White "Koc, Przemyslaw"]
[Black "Czopor, Maciej"]
[WhiteFideId "1109081"]
[BlackFideId "21805431"]
[WhiteElo "2141"]
[BlackElo "1999"]
[Result "1-0"]
[Round "03"]
[TimeControl "180+1"]
[Date "2022.04.19"]
[WhiteClock "0:00:11"]
[BlackClock "0:00:05"]

1. d4 b6 2. Nf3 Bb7 3. c3 Nf6 4. Bg5 h6 5. Bxf6 exf6 6. Nbd2 g6 7. g3 Bg7 8. Bg2 O-O 9. O-O d6 10. e4 Nd7 11. Re1 c5 12. Nc4 Qc7 13. Rc1 b5 14. Ncd2 Nb6 15. Nh4 Rfe8 16. d5 f5 17. exf5 g5 18. f6 Rxe1+ 19. Qxe1 Bf8 20. Nf5 Nxd5 21. Ne4 Re8 22. Qd2 Re5 23. Nd4 Qd7 24. Nc2 Qe6 25. Re1 Bc8 26. b3 Nxf6 27. Nxf6+ Qxf6 28. Rd1 Bg4 29. f3 Bxf3 30. Rf1 g4 31. Ne3 Qg5 32. Bxf3 Rxe3 33. Bg2 Qe5 34. c4 bxc4 35. bxc4 Qd4 36. Qf2 Re2 37. Qxd4 cxd4 38. Rd1 Bg7 39. a4 Ra2 40. Bc6 Be5 41. Bb5 Kg7 42. Rd3 a5 43. Rd1 h5 44. Bc6 f5 45. Bd7 Kg6 46. Rf1 h4 47. Bxf5+ Kg5 48. Bd7 hxg3 49. hxg3 Bxg3 50. Rf5+ Kh6 51. Rxa5 d3 52. Rd5 d2 53. Bxg4 Bf4 54. Kf1 Rxa4 55. Be2 Ra1+ 56. Kf2 Re1 57. Rd4 Bg5 58. Rxd6+ Kg7 59. c5 Rh1 60. c6 Rc1 61. Bf3 Bf4 62. Rd7+ Kf6 63. Ke2 Rd1 64. Kxd1 Ke6 65. Rxd2 Bxd2 66. Kxd2 Kd6 67. Kd3 Kc7 68. Kc4 Kd6 1-0


[Site "https://www.chess.com"]

[Event "Titled Tuesday Blitz April 19 Late 2022"]
[White "Kollars, Dmitrij"]
[Black "Bordi, Kevin"]
[WhiteFideId "12909572"]
[BlackFideId "621862"]
[WhiteElo "2584"]
[BlackElo "2711"]
[Result "0-1"]
[Round "03"]
[TimeControl "180+1"]
[Date "2022.04.19"]
[WhiteClock "0:00:13"]
[BlackClock "0:01:55"]

1. e4 d5 2. exd5 Qxd5 3. Nc3 Qa5 4. d4 Nf6 5. Bc4 Bg4 6. Ne2 e6 7. Bd2 c6 8. h3 Bh5 9. g4 Bg6 10. Nf4 Nbd7 11. h4 Qb6 12. h5 Be4 13. O-O Qxd4 14. Qe2 Ne5 15. Nxe4 Nxe4 16. Bd3 Nxd2 17. Nxe6 Ndf3+ 18. Kh1 Qxg4 19. Nc7+ Kd8 0-1


[Site "https://www.chess.com"]

[Event "Titled Tuesday Blitz April 19 Late 2022"]
[White "Kostiukov, Alexandr"]
[Black "Maranhao,Jose Renato Ruiz"]
[WhiteFideId "14108100"]
[BlackFideId "2135175"]
[WhiteElo "2202"]
[BlackElo "1970"]
[Result "1-0"]
[Round "03"]
[TimeControl "180+1"]
[Date "2022.04.19"]
[WhiteClock "0:01:36"]
[BlackClock "0:00:02"]

1. g3 Nf6 2. Bg2 g6 3. c4 Bg7 4. Nf3 O-O 5. O-O c6 6. d4 d5 7. cxd5 cxd5 8. Nc3 Nc6 9. Ne5 Bf5 10. Nxc6 bxc6 11. Bf4 Nh5 12. Be3 Rb8 13. Na4 Rb4 14. a3 Rc4 15. Nc5 Rxc5 16. dxc5 Bxb2 17. Ra2 Bg7 18. h3 Nf6 19. Bd4 Re8 20. f4 Qa5 21. Qd2 Qxd2 22. Rxd2 Ne4 23. Bxe4 Bxe4 24. Bxg7 Kxg7 25. Rb2 e6 26. Kf2 f6 27. Rb7+ Kh6 28. g4 e5 29. e3 exf4 30. exf4 d4 31. h4 Bd5 32. Re1 Rd8 33. Kg3 a6 34. g5+ fxg5 35. hxg5+ 1-0


[Site "https://www.chess.com"]

[Event "Titled Tuesday Blitz April 19 Late 2022"]
[White "Koutlas, Nikolaos"]
[Black "Bashirli, Nail"]
[WhiteFideId "25827138"]
[BlackFideId "13406809"]
[WhiteElo "1645"]
[BlackElo "2333"]
[Result "0-1"]
[Round "03"]
[TimeControl "180+1"]
[Date "2022.04.19"]
[WhiteClock "0:00:03"]
[BlackClock "0:00:20"]

1. b3 d5 2. Bb2 c5 3. e3 a6 4. Nf3 Nc6 5. d4 cxd4 6. exd4 Bg4 7. a3 e6 8. h3 Bh5 9. Bd3 Bd6 10. Nbd2 Nge7 11. O-O O-O 12. Re1 b5 13. Qe2 Ng6 14. g3 Qc7 15. Kg2 Rae8 16. a4 b4 17. Qe3 f6 18. Bxa6 e5 19. Bb5 e4 20. Nh2 f5 21. Qg5 f4 22. Qxd5+ Kh8 23. Qxc6 Qb8 24. Rxe4 Rc8 25. Qd5 fxg3 26. Qxh5 Rxf2+ 27. Kh1 Rxh2+ 28. Kg1 Rxd2 29. Bd3 g2 30. Re5 Bxe5 31. dxe5 Qb6+ 32. Kh2 g1=Q# 0-1


[Site "https://www.chess.com"]

[Event "Titled Tuesday Blitz April 19 Late 2022"]
[White "Kovanova, Baira"]
[Black "Urazayev, Arystanbek"]
[WhiteFideId "4164083"]
[BlackFideId "13709810"]
[WhiteElo "2190"]
[BlackElo "2422"]
[Result "1-0"]
[Round "03"]
[TimeControl "180+1"]
[Date "2022.04.19"]
[WhiteClock "0:00:16"]
[BlackClock "0:00:01"]

1. e4 c5 2. Nc3 e6 3. Nge2 Nc6 4. d4 cxd4 5. Nxd4 Nf6 6. Nxc6 bxc6 7. Bd3 d5 8. O-O a5 9. Qe2 Be7 10. e5 Nd7 11. Qg4 Nxe5 12. Qxg7 Bf6 13. Qg3 Nxd3 14. Qxd3 Ba6 15. Qf3 Bxf1 16. Kxf1 Ke7 17. Kg1 Rb8 18. b3 Kd7 19. Rb1 Rg8 20. Na4 Rg6 21. Bf4 e5 22. Bg3 Qe8 23. Rd1 Ke7 24. h4 Bg7 25. h5 Re6 26. Nc5 Rh6 27. Re1 Kf8 28. Bxe5 Kg8 29. Bc3 Qc8 30. Qg3 f6 31. Re7 Qf8 32. Rxg7+ Kh8 33. Ne6 Qe8 34. Re7 Qg8 35. Qf4 1-0


[Site "https://www.chess.com"]

[Event "Titled Tuesday Blitz April 19 Late 2022"]
[White "Kozak, Adam"]
[Black "Ahmadzada, Ahmad"]
[WhiteFideId "753246"]
[BlackFideId "13413007"]
[WhiteElo "2459"]
[BlackElo "2228"]
[Result "1-0"]
[Round "03"]
[TimeControl "180+1"]
[Date "2022.04.19"]
[WhiteClock "0:00:06"]
[BlackClock "0:00:03"]

1. Nf3 Nf6 2. b3 g6 3. Bb2 Bg7 4. g3 b6 5. Bg2 Bb7 6. O-O O-O 7. c4 e6 8. Nc3 d6 9. d4 Ne4 10. Qc2 Nxc3 11. Bxc3 Nd7 12. e4 Qe7 13. b4 c5 14. bxc5 bxc5 15. Rab1 cxd4 16. Nxd4 Nc5 17. Rfe1 Rac8 18. h4 h5 19. Nb5 Bxc3 20. Qxc3 Ba6 21. Qa3 Bxb5 22. cxb5 Rc7 23. Qa5 Rfc8 24. Red1 Qf6 25. Qb4 Nb7 26. Qd4 Qxd4 27. Rxd4 Kf8 28. Ra4 Nc5 29. Ra3 Ke7 30. Rb4 Rb8 31. Bf1 Rcb7 32. Rd4 Rc7 33. Kg2 Rb6 34. Ra5 Rb8 35. Rc4 Rcb7 36. Rd4 Rc7 37. Kf3 e5 38. Rc4 Rbc8 39. Kg2 Rb8 40. Rc3 Rbb7 41. Kf3 Ne6 42. Rca3 Nd4+ 43. Kg2 Ke6 44. R3a4 Ke7 45. Bc4 Kf6 46. Bd5 Rxb5 47. Rxa7 Rbc5 48. Rxc7 Rxc7 49. Ra8 Ke7 50. a4 Nc6 51. a5 Nb4 52. Bb3 Rc3 53. Ba4 Ra3 54. Bb5 Nc2 55. Bc6 Nd4 56. Bb7 Nb5 57. a6 Nc7 58. Ra7 Nb5 59. Ra8 Nc7 60. Rc8 Nxa6 61. Ra8 Nc5 62. Rxa3 1-0


[Site "https://www.chess.com"]

[Event "Titled Tuesday Blitz April 19 Late 2022"]
[White "Koziorowicz, Michal"]
[Black "Sarkar, Justin"]
[WhiteFideId "21809194"]
[BlackFideId "2010011"]
[WhiteElo "2235"]
[BlackElo "2038"]
[Result "1-0"]
[Round "03"]
[TimeControl "180+1"]
[Date "2022.04.19"]
[WhiteClock "0:00:55"]
[BlackClock "0:00:04"]

1. Nc3 Nf6 2. e4 d5 3. exd5 Nxd5 4. Bc4 Nxc3 5. Qf3 e6 6. Qxc3 Qf6 7. Ne2 Nd7 8. d4 c5 9. Be3 cxd4 10. Bxd4 e5 11. Be3 Be7 12. O-O O-O 13. Rad1 Nb6 14. Bb3 Bg4 15. f3 Be6 16. Ng3 Rfc8 17. Ne4 Qf5 18. Qa5 Nc4 19. Bxc4 Bxc4 20. Rfe1 b6 21. Qa4 Qe6 22. b3 Bd5 23. Re2 h6 24. Bf2 f5 25. c4 Bc6 26. Qa6 fxe4 27. fxe4 Qg4 28. c5 Bxe4 29. Qc4+ Kh7 30. Qxe4+ Qxe4 31. Rxe4 Bxc5 32. Bxc5 Rxc5 33. h3 Rac8 34. Rd7 R8c7 35. Rd8 Rc2 36. a4 Rb2 37. Rd3 Rcc2 38. Rg3 Re2 39. Reg4 g5 40. h4 e4 41. hxg5 hxg5 42. Rxg5 e3 43. Rh5# 1-0


[Site "https://www.chess.com"]

[Event "Titled Tuesday Blitz April 19 Late 2022"]
[White "Ladan, Nicholas"]
[Black "Bachmann, Axel"]
[WhiteFideId "30918855"]
[BlackFideId "3700488"]
[WhiteElo "2167"]
[BlackElo "2587"]
[Result "1/2-1/2"]
[Round "03"]
[TimeControl "180+1"]
[Date "2022.04.19"]
[WhiteClock "0:00:31"]
[BlackClock "0:00:01"]

1. d4 Nf6 2. c4 g6 3. Nf3 Bg7 4. g3 c5 5. d5 b5 6. Qc2 bxc4 7. e4 d6 8. Bxc4 O-O 9. O-O Bh3 10. Re1 Nbd7 11. Nc3 h6 12. a4 Ng4 13. a5 Qc8 14. Be2 f5 15. exf5 Nge5 16. Nh4 g5 17. Ng6 Rf7 18. Bh5 g4 19. Nxe5 Nxe5 20. Rxe5 Bxe5 21. Bxf7+ Kxf7 22. Bxh6 Rb8 23. Bc1 Rb4 24. Ra4 Qb7 25. Rxb4 cxb4 26. Ne4 Qxd5 27. Ng5+ Kf6 28. Ne4+ Kf7 29. Ng5+ Kf6 30. Ne4+ Kf7 1/2-1/2


[Site "https://www.chess.com"]

[Event "Titled Tuesday Blitz April 19 Late 2022"]
[White "Le Goff, Ronan"]
[Black "Kamsky, Gata"]
[WhiteFideId "612073"]
[BlackFideId "2000024"]
[WhiteElo "2276"]
[BlackElo "2645"]
[Result "0-1"]
[Round "03"]
[TimeControl "180+1"]
[Date "2022.04.19"]
[WhiteClock "0:01:45"]
[BlackClock "0:02:22"]

1. d4 Nf6 2. c4 e6 3. Nf3 b6 4. e3 Bb7 5. Bd3 g6 6. O-O Bg7 7. Nc3 O-O 8. e4 d6 9. h3 Nbd7 10. Bg5 h6 11. Be3 e5 12. d5 Nc5 13. Bc2 a5 14. b3 Nh5 15. a3 Nf4 16. b4 Nd7 17. Ne2 axb4 18. Nxf4 exf4 19. Bxf4 Qf6 0-1


[Site "https://www.chess.com"]

[Event "Titled Tuesday Blitz April 19 Late 2022"]
[White "Lehtosaari, Mauri"]
[Black "Hoffmann, Asa"]
[WhiteFideId "501999"]
[BlackFideId "2001470"]
[WhiteElo "2470"]
[BlackElo "2117"]
[Result "0-1"]
[Round "03"]
[TimeControl "180+1"]
[Date "2022.04.19"]
[WhiteClock "0:00:01"]
[BlackClock "0:00:38"]

1. d4 Nf6 2. Nf3 d6 3. g3 c6 4. Bg2 Bf5 5. O-O h6 6. c4 Nbd7 7. b4 e5 8. dxe5 dxe5 9. a3 a5 10. b5 Qc7 11. Bb2 Bc5 12. Nc3 O-O 13. Na4 Ba7 14. Rc1 Rad8 15. Qb3 Rfe8 16. c5 cxb5 17. Qxb5 Be4 18. Nh4 Bc6 19. Bxc6 bxc6 20. Qc4 Rb8 21. Rc2 Rb5 22. Nf5 Nxc5 23. Rfc1 Nxa4 24. Qxa4 Qb6 25. e3 Rxb2 26. Rxc6 Qb5 27. Qxb5 Rxb5 28. Nxh6+ gxh6 29. Rxf6 Kg7 30. Ra6 Bc5 31. a4 Bxe3 32. fxe3 Rb3 33. Rxa5 Rxe3 34. Rc2 e4 35. Kf2 Ra3 36. Re2 e3+ 37. Kg2 Kg6 38. Kf3 f5 39. h3 h5 40. Ra6+ Kg7 0-1


[Site "https://www.chess.com"]

[Event "Titled Tuesday Blitz April 19 Late 2022"]
[White "Lewtak, Damian"]
[Black "Vasquez Schroeder, Rodrigo"]
[WhiteFideId "1141724"]
[BlackFideId "3400042"]
[WhiteElo "2362"]
[BlackElo "2561"]
[Result "0-1"]
[Round "03"]
[TimeControl "180+1"]
[Date "2022.04.19"]
[WhiteClock "0:00:15"]
[BlackClock "0:00:16"]

1. a3 d5 2. d4 Bf5 3. c4 c6 4. Nc3 e6 5. Qb3 Qb6 6. Qxb6 axb6 7. f3 Nf6 8. g4 Bg6 9. g5 Nh5 10. e4 Bb4 11. cxd5 exd5 12. exd5 cxd5 13. Bb5+ Nc6 14. Ne2 O-O 15. Kf2 Ne7 16. Bd2 Bd6 17. Na4 f6 18. h4 fxg5 19. hxg5 Rad8 20. Nxb6 Nf5 21. Rag1 Bc7 22. Na4 Nd6 23. Bd3 Ne4+ 24. Bxe4 dxe4 25. Nc5 Rxf3+ 26. Ke1 e3 27. Bc3 Rf2 28. Ne6 Rd7 29. Nxc7 Rxc7 30. Rf1 Rcf7 31. Rfg1 Bd3 32. Nc1 Nf4 33. g6 Ng2+ 34. Rxg2 Rf1+ 0-1


[Site "https://www.chess.com"]

[Event "Titled Tuesday Blitz April 19 Late 2022"]
[White "Lima, Kleyton Alcantara"]
[Black "Petesch, Gabriel"]
[WhiteFideId "22718397"]
[BlackFideId "2032465"]
[WhiteElo "1951"]
[BlackElo "2374"]
[Result "0-1"]
[Round "03"]
[TimeControl "180+1"]
[Date "2022.04.19"]
[WhiteClock "0:00:10"]
[BlackClock "0:00:05"]

1. e4 e5 2. Nf3 Nc6 3. d4 exd4 4. Nxd4 Nf6 5. Nxc6 bxc6 6. e5 Nd5 7. c4 Nb6 8. Bd3 d5 9. exd6 cxd6 10. O-O Be7 11. Re1 O-O 12. Nc3 d5 13. cxd5 cxd5 14. b3 Bf6 15. Bb2 Bb7 16. Rc1 Rc8 17. Qg4 a5 18. Re3 g6 19. Rh3 Re8 20. Bb1 d4 21. Ne4 d3 22. Nxf6+ Qxf6 23. Qxc8 Bxc8 24. Bxf6 Bxh3 25. gxh3 d2 26. Rd1 Re1+ 27. Kg2 Rxd1 28. Bc2 Rc1 0-1


[Site "https://www.chess.com"]

[Event "Titled Tuesday Blitz April 19 Late 2022"]
[White "Lin, Dachey"]
[Black "Steinberg, Nitzan"]
[WhiteFideId "2029650"]
[BlackFideId "2801795"]
[WhiteElo "2313"]
[BlackElo "2471"]
[Result "1-0"]
[Round "03"]
[TimeControl "180+1"]
[Date "2022.04.19"]
[WhiteClock "0:00:17"]
[BlackClock "0:00:01"]

1. Nc3 d5 2. e4 d4 3. Nce2 c5 4. Nf3 Nc6 5. c3 e5 6. Ng3 Be6 7. Bb5 Bd6 8. d3 h6 9. O-O Ne7 10. Nh4 a6 11. Bxc6+ Nxc6 12. Nhf5 Bf8 13. Nh5 Rg8 14. Qf3 Bxf5 15. exf5 Qd6 16. Ng3 O-O-O 17. Ne4 Qd7 18. c4 Be7 19. a3 a5 20. Bd2 Kb8 21. Rfb1 Rc8 22. b4 cxb4 23. c5 b3 24. Rxb3 Rc7 25. Rab1 Rgc8 26. Rb5 Qd5 27. Qd1 Na7 28. Rxa5 Bxc5 29. Bb4 Ka8 30. Bxc5 Rxc5 31. Rxc5 Rxc5 32. Nxc5 Qxc5 33. Qb3 Qc7 34. h3 Nc6 35. Qd5 Kb8 36. a4 f6 37. Rb5 Qc8 38. g4 Qc7 39. a5 Na7 40. Rc5 Nc6 41. a6 Ka7 42. axb7 Kxb7 43. Kg2 Qc8 44. Rb5+ Ka6 45. Qc4 Qa8 46. Rb8+ Ka7 47. Rxa8+ 1-0


[Site "https://www.chess.com"]

[Event "Titled Tuesday Blitz April 19 Late 2022"]
[White "Lock, Gavin R"]
[Black "Mikhalsky, Vladimir"]
[WhiteFideId "408646"]
[BlackFideId "14144352"]
[WhiteElo "2104"]
[BlackElo "2301"]
[Result "1-0"]
[Round "03"]
[TimeControl "180+1"]
[Date "2022.04.19"]
[WhiteClock "0:00:01"]
[BlackClock "0:00:10"]

1. d4 Nf6 2. Nf3 g6 3. Nc3 Bg7 4. e4 O-O 5. e5 Ne8 6. h4 d6 7. h5 dxe5 8. hxg6 hxg6 9. Bh6 exd4 10. Qd2 f6 11. Bc4+ e6 12. O-O-O Nc6 13. Bxg7 Nxg7 14. Qh6 Kf7 15. Ne4 Rg8 16. g4 b5 17. Bb3 a5 18. a4 bxa4 19. Bxa4 Qd5 20. Qf4 Ra7 21. Qxf6+ Ke8 22. Bxc6+ Qxc6 23. Neg5 Qd7 24. Ne5 Qe7 25. Qxg6+ Kf8 26. Nh7# 1-0


[Site "https://www.chess.com"]

[Event "Titled Tuesday Blitz April 19 Late 2022"]
[White "Lopez, Henry"]
[Black "Jacobson, Aaron"]
[WhiteFideId "5203830"]
[BlackFideId "2089912"]
[WhiteElo "2177"]
[BlackElo "2265"]
[Result "0-1"]
[Round "03"]
[TimeControl "180+1"]
[Date "2022.04.19"]
[WhiteClock "0:00:12"]
[BlackClock "0:00:54"]

1. d4 Nf6 2. Nf3 b6 3. c4 Bb7 4. Nc3 g6 5. d5 Bg7 6. e4 O-O 7. Bd3 e6 8. O-O exd5 9. cxd5 Re8 10. h3 Na6 11. Re1 Nc5 12. Bc2 d6 13. Rb1 a5 14. b3 c6 15. Bb2 cxd5 16. exd5 Rxe1+ 17. Nxe1 Qe7 18. Nf3 Re8 19. a3 Nfe4 20. Nxe4 Nxe4 21. Bxg7 Kxg7 22. Qd4+ Qf6 23. Qxb6 Bxd5 24. Re1 Re6 25. Re3 Qa1+ 26. Re1 Qxa3 27. Qd4+ Nf6 28. Ra1 Qb4 29. Ra4 Qb7 30. Ng5 Re1+ 31. Kh2 Bxg2 32. Rxa5 Rh1+ 33. Kg3 Rxh3+ 34. Nxh3 Qf3+ 0-1


[Site "https://www.chess.com"]

[Event "Titled Tuesday Blitz April 19 Late 2022"]
[White "Lopez Idarraga, Daniel Eduardo"]
[Black "Djokic, Mihailo"]
[WhiteFideId "4405501"]
[BlackFideId "976440"]
[WhiteElo "2055"]
[BlackElo "2202"]
[Result "0-1"]
[Round "03"]
[TimeControl "180+1"]
[Date "2022.04.19"]
[WhiteClock "0:00:02"]
[BlackClock "0:00:09"]

1. d4 Nf6 2. Nf3 g6 3. Nc3 d5 4. Bf4 Bg7 5. e3 O-O 6. Ne5 c5 7. h4 h5 8. Qd2 Nc6 9. O-O-O cxd4 10. exd4 Bf5 11. f3 Rc8 12. Be2 Nb4 13. Nd3 Qa5 14. Kb1 Bxd3 15. Bxd3 Nd7 16. a3 Nxd3 17. Qxd3 Nb6 18. Be5 Bxe5 19. dxe5 e6 20. g4 Nc4 21. Na2 Qb6 22. Qc3 Ne3 23. Qd3 Nxd1 24. Rxd1 hxg4 25. h5 Kg7 26. hxg6 fxg6 27. fxg4 Rf2 28. Nc3 d4 29. Qxd4 Qxd4 30. Rxd4 Rc7 31. Rd6 Kf7 32. Ne4 Rfxc2 33. Ng5+ Ke7 34. Rxe6+ Kd7 35. Rxg6 Rc1+ 36. Ka2 Rg1 37. Rg7+ Kc6 38. Rg6+ Kd5 39. Nf3 Rf1 40. Rd6+ Kc5 41. Rd3 Rf7 42. Rc3+ Kd5 43. Nd2 Rg1 44. Rd3+ Ke6 45. Ne4 Rxg4 46. Nc5+ Kxe5 47. Nb3 b6 48. Re3+ Kd5 49. Rd3+ Kc6 50. Rc3+ Kb7 51. Rd3 Rc7 52. Re3 Rd7 53. Rf3 a5 54. Re3 a4 55. Na1 Rc4 56. Re2 Rd3 57. Nc2 b5 58. Nb4 Rd6 59. Rf2 Kb6 60. Rg2 Rcd4 61. Rf2 Rg4 62. Rf5 Rc4 63. Nd5+ Kb7 64. Nb4 Kb6 65. Rf2 Ka5 66. Rf8 Kb6 67. Rb8+ Kc7 68. Rh8 Rd7 69. Rh6 Kb7 70. Rg6 Rc5 71. Rg2 Re7 72. Rf2 Re4 73. Rg2 Kc7 74. Rf2 Kd6 75. Rg2 Rc1 76. Rd2+ Ke6 77. Rh2 Ree1 78. b3 Ra1+ 79. Kb2 Reb1+ 80. Kc2 Rxb3 81. Re2+ Kd6 82. Rd2+ Kc7 83. Nd5+ Kb7 84. Nc3 Raxa3 85. Rd5 Rxc3+ 86. Kb2 Rab3+ 87. Ka2 Ra3+ 88. Kb2 Rcb3+ 89. Kc2 Kb6 90. Rd6+ Ka5 91. Rh6 Ra2+ 92. Kc1 Rg2 93. Rh1 Ra3 94. Rf1 Ra1# 0-1


[Site "https://www.chess.com"]

[Event "Titled Tuesday Blitz April 19 Late 2022"]
[White "Maevsky, Nikolay"]
[Black "Novikova, Galina"]
[WhiteFideId "4198220"]
[BlackFideId "4157095"]
[WhiteElo "2126"]
[BlackElo "1863"]
[Result "0-1"]
[Round "03"]
[TimeControl "180+1"]
[Date "2022.04.19"]
[WhiteClock "0:02:13"]
[BlackClock "0:01:09"]

1. d4 e6 2. Nf3 f5 3. c4 Nf6 4. Qc2 Be7 5. Nc3 d6 6. g3 O-O 7. Bg2 Nc6 8. O-O a5 9. Rd1 Qe8 10. b3 e5 11. dxe5 dxe5 12. Nb5 Bd8 13. Bb2 e4 14. Nfd4 Nxd4 15. Bxd4 c6 16. Nd6 Qe6 17. Nxc8 Rxc8 18. e3 Be7 19. Bc3 Bb4 20. a3 Bxc3 21. Qxc3 b6 22. Rd2 Ng4 23. Rad1 Ne5 24. Rd6 Qe7 25. R1d4 Rfd8 26. Qd2 Rxd6 27. Rd5 cxd5 0-1


[Site "https://www.chess.com"]

[Event "Titled Tuesday Blitz April 19 Late 2022"]
[White "Mangialardo, Tiago Carvalho"]
[Black "Rengifo Blancas, Renzo Jhonathan"]
[WhiteFideId "2130718"]
[BlackFideId "3807185"]
[WhiteElo "2053"]
[BlackElo "2058"]
[Result "0-1"]
[Round "03"]
[TimeControl "180+1"]
[Date "2022.04.19"]
[WhiteClock "0:00:07"]
[BlackClock "0:01:53"]

1. e4 e5 2. Nf3 Nc6 3. d3 Nf6 4. Be2 d5 5. exd5 Nxd5 6. O-O Be7 7. Re1 O-O 8. Nc3 Nxc3 9. bxc3 Re8 10. d4 exd4 11. cxd4 Bf6 12. c3 Bg4 13. Be3 h6 14. h3 Bf5 15. Bd3 Bxd3 16. Qxd3 Qd5 17. a3 Na5 18. Rab1 c6 19. Nd2 b5 20. Rec1 Nc4 21. Nxc4 bxc4 22. Qd2 Bg5 23. Bxg5 hxg5 24. Re1 Qf5 25. Qa2 Qd3 26. Qb2 Kh7 27. Rbd1 Rab8 28. Rxd3 Rxe1+ 29. Kh2 Rxb2 0-1


[Site "https://www.chess.com"]

[Event "Titled Tuesday Blitz April 19 Late 2022"]
[White "Martinez Alcantara, Jose Eduardo"]
[Black "Gledura, Benjamin"]
[WhiteFideId "3805662"]
[BlackFideId "712779"]
[WhiteElo "2690"]
[BlackElo "2326"]
[Result "1-0"]
[Round "03"]
[TimeControl "180+1"]
[Date "2022.04.19"]
[WhiteClock "0:00:10"]
[BlackClock "0:00:11"]

1. e4 Nf6 2. e5 Nd5 3. d4 d6 4. Nf3 dxe5 5. Nxe5 g6 6. Be2 Bg7 7. O-O O-O 8. c4 Nb6 9. Be3 c5 10. Nc3 cxd4 11. Bxd4 N6d7 12. Nxd7 Nxd7 13. Bxg7 Kxg7 14. Qd4+ Nf6 15. Qe3 Be6 16. b3 Qa5 17. Nb5 Bd7 18. Rfd1 Bxb5 19. cxb5 Qa3 20. Bf3 Rab8 21. Qe5 Rfd8 22. g3 b6 23. Kg2 h5 24. h3 Rbc8 25. Bc6 Qb4 26. Qe3 Qa3 27. Qe5 Qb4 28. Qe3 Qa3 29. Rd2 Rxd2 30. Qxd2 Qc5 31. Rc1 Qf5 32. Rc4 g5 33. a4 g4 34. h4 e6 35. Rd4 Rc7 36. b4 e5 37. Rd6 Ne4 38. Qh6+ 1-0


[Site "https://www.chess.com"]

[Event "Titled Tuesday Blitz April 19 Late 2022"]
[White "Mikhailov, Viacheslav"]
[Black "Salem, A.R. Saleh"]
[WhiteFideId "4187369"]
[BlackFideId "9301348"]
[WhiteElo "2381"]
[BlackElo "2657"]
[Result "0-1"]
[Round "03"]
[TimeControl "180+1"]
[Date "2022.04.19"]
[WhiteClock "0:00:06"]
[BlackClock "0:00:10"]

1. Nf3 Nf6 2. g3 g6 3. Bg2 Bg7 4. O-O O-O 5. c4 d6 6. Nc3 e5 7. d3 Nc6 8. Bg5 h6 9. Bxf6 Bxf6 10. Rc1 Bg7 11. Nd2 Bg4 12. h3 Be6 13. Nd5 Nb8 14. Qb3 Bc8 15. Kh2 c6 16. Nc3 Re8 17. Qa3 Be6 18. Nde4 Bf8 19. Qb3 Bc8 20. e3 Kg7 21. Nd2 Nd7 22. Qc2 h5 23. d4 f5 24. dxe5 dxe5 25. Nf3 e4 26. Nd4 Ne5 27. Rcd1 Qf6 28. Nce2 h4 29. Nf4 Bc5 30. Qc3 a5 31. a3 a4 32. Rg1 hxg3+ 33. fxg3 Rh8 34. Kh1 g5 35. Nfe2 f4 36. Nxf4 gxf4 37. gxf4 Ng4 38. Bf1 Kf7 39. Qe1 Bf5 40. Rd2 Rag8 41. Nxf5 Qxf5 42. Qd1 Nf6 43. Rxg8 Rxg8 44. Qxa4 Bxe3 45. Re2 Rg1+ 46. Kh2 Qxf4# 0-1


[Site "https://www.chess.com"]